 Dungeon Crawl Stone Soup version 0.30-a0-883-g5ad918d77d (webtiles) character file.

Game seed: 17348807426884402406

157 Strat the Poker (level 5, -10/35 (38) HPs)
             Began as a Human Reaver on Mar 15, 2023.
             Mangled by a gnoll bouda
             ... wielding a +0 spear
              (12 damage)
             ... on level 4 of the Dungeon.
             The game lasted 00:07:10 (4195 turns).

Strat the Poker (Human Reaver)                      Turns: 4195, Time: 00:07:11

HP:   -10/35 (38)   AC:  4    Str: 14    XL:     5   Next: 66%
MP:   4/8           EV: 11    Int: 14    God:
Gold: 226           SH:  0    Dex: 11    Spells: 5/8 levels left

rFire   . . .      SeeInvis .    a - +0 spear
rCold   . . .      Faith    .    (no shield)
rNeg    . . .      Spirit   .    b - +0 leather armour
rPois   .          Reflect  .    k - +0 helmet
rElec   .          Rampage  .    (no cloak)
rCorr   .                        (no gloves)
Will    .....                    (no boots)
Stlth   +                        (no amulet)
HPRegen 0.25/turn                (no ring)
MPRegen 0.11/turn                (no ring)

@: drained
A: no striking features
a: no special abilities


You were on level 4 of the Dungeon.
You visited 1 branch of the dungeon, and saw 4 of its levels.

You collected 226 gold pieces.

Inventory:

Hand Weapons
 a - a +0 spear (weapon)
Armour
 b - a +0 leather armour (worn)
 k - a +0 helmet (worn)
Jewellery
 p - a +6 ring of dexterity
 r - a ring of magical power
Wands
 j - a wand of flame (13)
Scrolls
 d - 2 scrolls of enchant weapon {unknown}
 g - a scroll of identify {unknown}
 h - 3 scrolls of immolation {unknown}
 l - a scroll of fog {unknown}
 m - 2 scrolls of noise {unknown}
 n - a scroll of vulnerability {unknown}
 o - a scroll of teleportation {unknown}
 s - a scroll of poison {unknown}
 u - a scroll of acquirement {unknown}
 v - a scroll of torment {unknown}
Potions
 c - a potion of haste
 e - a potion of brilliance {unknown}
 f - a potion of lignification {unknown}
 i - a potion of curing
 q - a potion of attraction {unknown}
 t - 2 potions of heal wounds {unknown}
 w - a potion of mutation {unknown}


   Skills:
 - Level 2.0 Fighting
 + Level 5.0 Polearms
 + Level 0.3 Armour
 - Level 2.0 Dodging
 - Level 2.0 Spellcasting
 - Level 4.0 Conjurations
 - Level 1.0 Translocations


You had 5 spell levels left.
You knew the following spells:

 Your Spells              Type           Power      Damage    Failure   Level
a - Kiss of Death         Conj/Necr      28%        2d7       13%         1
b - Momentum Strike       Conj/Tloc      16%        3d8       16%         2

Your spell library contained the following spells:

 Spells                   Type           Power      Damage    Failure   Level
 Slow                     Hex            4%         N/A       30%         1
 Hailstorm                Conj/Ice       7%         3d4       36%         3
 Confusing Touch          Hex            1%         N/A       65%         3
 Vampiric Draining        Necr           1%         2d6       65%         3
 Ice Form                 Ice/Tmut       1%         N/A       96%         4
 Starburst                Conj/Fire      3%         6d3       100%        6
 Chain Lightning          Conj/Air       3%         3d4       100%        9


Dungeon Overview and Level Annotations

Branches:
Dungeon (4/15)
 Temple: D:4-7

Altars:
Sif Muna


Message History

The concentrated momentum hits the gnoll bouda!
The gnoll bouda is heavily wounded.
You are unable to move.
The gnoll bouda hits you from afar with a +0 spear!
Reach: a) +0 spear
Press: ? - help, Dir - move target, f/p - gnoll bouda
Aim: a gnoll bouda, wielding a +0 spear and wearing a +0 leather armour (heavily wounded, fast, about 35% to evade your +0 spear)
You reach to attack!
You closely miss the gnoll bouda.
The gnoll bouda is heavily wounded.
The gnoll bouda hits you from afar with a +0 spear!
* * * LOW HITPOINT WARNING * * *
The gnoll bouda hits you from afar with a +0 spear.
* * * LOW HITPOINT WARNING * * *
Reach: a) +0 spear
Press: ? - help, Dir - move target, f/p - gnoll bouda
Aim: a gnoll bouda, wielding a +0 spear and wearing a +0 leather armour (heavily wounded, fast, about 35% to evade your +0 spear)
You reach to attack!
You closely miss the gnoll bouda.
The gnoll bouda is heavily wounded.
The gnoll bouda hits you from afar with a +0 spear.
* * * LOW HITPOINT WARNING * * *
It was a potion of curing.
You feel better. The gnoll bouda barely misses you.
The gnoll bouda hits you from afar with a +0 spear.
* * * LOW HITPOINT WARNING * * *
Aiming: Throw Flame
Press: ? - help, Shift-Dir - straight line, f/p - gnoll bouda
Aim: a gnoll bouda, wielding a +0 spear and wearing a +0 leather armour (heavily wounded, fast, 72% to hit)
The puff of flame hits the gnoll bouda.
The gnoll bouda is severely wounded.
The gnoll bouda hits you from afar with a +0 spear.
* * * LOW HITPOINT WARNING * * *
Aiming: Throw Flame
Press: ? - help, Shift-Dir - straight line, f/p - gnoll bouda
Aim: a gnoll bouda, wielding a +0 spear and wearing a +0 leather armour (severely wounded, fast, 72% to hit)
The puff of flame hits the gnoll bouda but does no damage.
The gnoll bouda is severely wounded.
You are no longer robbed of momentum.
The gnoll bouda hits you from afar with a +0 spear.
* * * LOW HITPOINT WARNING * * *
The gnoll bouda hits you from afar with a +0 spear!
You die...

### #.# #.#### #@..<#
#.#### ###########g#####
#####.........).....#
#..............####.###
#.##...........# #...#
#.#.)..........######.#
##.#...................#
##.#...#.###############


You could see a gnoll bouda (fast).

Vanquished Creatures
  An iguana (D:4)
  Robin (D:2)
  2 gnolls (D:4)
  An adder (D:3)
  An ufetubus (D:4)
  A worm (D:4)
  2 dart slugs
  An orc (D:4)
  2 ball pythons
  6 endoplasms
  3 giant cockroaches
  18 goblins
  6 hobgoblins
  6 jackals
  5 kobolds
  6 quokkas
  4 bats
  A frilled lizard (D:1)
  A rat (D:1)
68 creatures vanquished.

Notes
Turn   | Place    | Note
-------+----------+-------------------------------------------
     0 | D:1      | Strat the Human Reaver began the quest for the Orb.
     0 | D:1      | Reached XP level 1. HP: 16/16 MP: 3/3
   220 | D:1      | Reached XP level 2. HP: 16/22 MP: 5/5
   223 | D:1      | Learned a level 2 spell: Momentum Strike
   571 | D:1      | Reached XP level 3. HP: 27/27 MP: 6/6
   946 | D:1      | Reached skill level 1 in Translocations
  1411 | D:2      | Found a shimmering blue altar of Sif Muna.
  1613 | D:2      | Noticed Robin
  1660 | D:2      | Reached skill level 4 in Polearms
  1666 | D:2      | Killed Robin
  1667 | D:2      | Reached XP level 4. HP: 26/33 MP: 2/7
  3335 | D:4      | Reached XP level 5. HP: 38/38 MP: 8/8
  3343 | D:4      | Identified the +4 scale mail of Jigsaw {Str+3 Int+3}
  3736 | D:4      | Reached skill level 5 in Polearms
  3820 | D:4      | Noticed an ogre
  3972 | D:4      | Got Sif Muna's Disquisition on Vehement Ice
  4195 | D:4      | Mangled by a gnoll bouda

Illustrated notes

Levels and vault maps discovered:
D:1:      psy_arrival_statuary, layout_basic, serial_glass, glass_columns_c,
          glass_columns_c, minmay_ruptured
D:2:      layout_basic, basic_altar, serial_co_window_serial, co_window_paths_a,
          co_window_paths_a, co_window_of_opportunity_a, co_window_corner_a,
          co_window_of_opportunity_a, co_window_paths_a, co_window_broadway_c,
          co_window_2corner, co_window_cross_4, co_window_of_opportunity_b,
          co_window_2corner, co_window_unsneaky_path_d, glass_columns_a,
          glass_columns_c, glass_columns_b, minmay_goblin_kobold_house,
          uniq_robin
D:3:      layout_basic, chequers_temple_overflow_statue_of_worship
D:4:      layout_basic, nicolae_gozag_seed_capital,
          chequers_serial_rivers_small_b

Skill      XL: |  1  2  3  4  5 |
---------------+----------------+-----
Translocations | 1 |  1.0
Polearms       | 4 5 |  5.0
Conjurations   | 4 |  4.0
Fighting       | |  2.0
Armour         | |  0.3
Dodging        | |  2.0
Spellcasting   | |  2.0

Action                     |  1- 3 |  4- 6 || total
---------------------------+-------+-------++-------
  Melee: Spear             |   143 |   150 ||   293
         Punch             |     2 |     3 ||     5
   Cast: Momentum Strike   |     1 |     7 ||     8
         Kiss of Death     |       |     1 ||     1
  Evoke: Wand              |       |     2 ||     2
    Use: Potion            |       |     1 ||     1
   Stab: Sleeping          |       |     1 ||     1
 Armour: Leather armour    |    28 |    32 ||    60
  Dodge: Dodged            |    63 |    66 ||   129

Table legend: (Time is in decaauts)
 A = Elapsed time spent in this place.
 B = Non-inter-level travel time spent in this place.
 C = Inter-level travel time spent in this place.
 D = Time resting spent in this place.
 E = Time spent auto-exploring this place.
 F = Levels seen in this place.
 G = Mean time per level.
                   A        B        C        D        E       F      G
               +--------+--------+--------+--------+--------+-----+--------+
         Total |   4163 |   4048 |    115 |    377 |   2818 |   4 | 1040.8 |
       Dungeon |   4163 |   4048 |    115 |    377 |   2818 |   4 | 1040.8 |
               +--------+--------+--------+--------+--------+-----+--------+

Top non-repeatable levels by time:
     D:2: 1294 daAuts
     D:1: 1024 daAuts
     D:4: 988 daAuts
     D:3: 856 daAuts
